 Dungeon Crawl Stone Soup version 0.28.0-47-ge53b351184 (webtiles) character file.

Game seed: 10088315491236024485

209 pkoi the Insei (level 5, 0/41 HPs)
             Began as a Demigod Gladiator on Apr 25, 2022.
             Killed by divine providence
             ... invoked by an orc priest
              (14 damage)
             ... on level 4 of the Dungeon.
             The game lasted 00:05:15 (4365 turns).

pkoi the Insei (Demigod Gladiator)                  Turns: 4365, Time: 00:05:16

Health: 0/41       AC:  5    Str: 15    XL:     5   Next: 30%
Magic:  7/7        EV: 12    Int: 14    God:
Gold:   153        SH:  0    Dex: 15    Spells: 4/4 levels left

rFire   . . .      SeeInvis .   b - +1 hunting sling
rCold   . . .      Faith    .   (no shield)
rNeg    . . .      Spirit   .   n - +0 leather armour
rPois   .          Reflect  .   e - +0 helmet
rElec   .          Harm     .   j - +0 cloak
rCorr   .          Rampage  .   (no gloves)
Will    .....                   (no boots)
Stlth   +.........              (no amulet)
HPRegen 0.13/turn               (no ring)
MPRegen 0.10/turn               (no ring)

@: no status effects
A: high MP 1, forlorn, divine attributes
a: no special abilities


You were on level 4 of the Dungeon.
You visited 1 branch of the dungeon, and saw 4 of its levels.

You collected 153 gold pieces.

Inventory:

Hand Weapons
 a - a +2 dagger of freezing
 b - a +1 hunting sling (weapon)
 d - a +0 dagger
 g - a +0 whip
 q - a +0 dagger of flaming
 s - a +1 dagger of draining
Missiles
 c - 3 throwing nets
 f - 93 stones (quivered ammo)
 m - 4 javelins
Armour
 e - a +0 helmet (worn)
 j - a +0 cloak (worn)
 n - a +0 leather armour (worn)
Scrolls
 h - a scroll of amnesia
 k - a scroll of fog
 l - a scroll of identify
 o - a scroll of teleportation
Potions
 i - 2 potions of curing
 p - a potion of heal wounds
 r - a potion of magic {unknown}


   Skills:
 - Level 1.7 Fighting
 - Level 1.7 Throwing
 - Level 2.6 Dodging
 + Level 5.8 Unarmed Combat


You had 4 spell levels left.
You didn't know any spells.
Your spell library contained the following spells:

 Spells                   Type           Power      Damage    Failure   Level
 Corpse Rot               Necr/Air       0%         N/A       47%         2
 Sublimation of Blood     Necr           0%         N/A       47%         2
 Dispel Undead            Necr           0%         3d6       98%         4
 Petrify                  Tmut/Erth      0%         N/A       98%         4
 Irradiate                Conj/Tmut      0%         3d13      100%        5
 Death Channel            Necr           0%         N/A       100%        6


Dungeon Overview and Level Annotations

Branches:
Dungeon (4/15)             Temple (0/1) D:4

Annotations:
D:3 2 runed translucent doors, PACMANKE's ghost, weakling DrMo; Pargi


Innate Abilities, Weirdness & Mutations

You have an increased reservoir of magic. (+10% MP)
You shall have no god before yourself.
Your divine heritage dramatically boosts your attributes as you level up.


Message History

The orc priest looks braver for a moment.
You hit the orc priest but do no damage.
You drain the orc priest.
The orc priest is lightly wounded.
The orc priest closely misses you.
The orc priest calls down the wrath of Beogh upon you.
Pain shoots through your body!
* * * LOW HITPOINT WARNING * * *
b - a +1 hunting sling (weapon)
Fire: 97 stones
Press: ? - help, Q - select action, (/) - cycle Shift-Dir - straight line, f - orc priest
Aim: an orc priest, wielding a +0 flail and wearing a +0 chain mail (lightly wounded, heavily drained, 67% to hit)
You shoot a stone. The stone hits the orc priest!
The orc priest is heavily wounded.
The orc priest closely misses you.
Fire: 96 stones
Press: ? - help, Q - select action, (/) - cycle Shift-Dir - straight line, f/p - orc priest
Aim: an orc priest, wielding a +0 flail and wearing a +0 chain mail (heavily wounded, heavily drained, 67% to hit)
You shoot a stone.
The stone hits the orc priest but does no damage.
The orc priest is heavily wounded.
The orc priest closely misses you.
Fire: 95 stones
Press: ? - help, Q - select action, (/) - cycle Shift-Dir - straight line, f/p - orc priest
Aim: an orc priest, wielding a +0 flail and wearing a +0 chain mail (heavily wounded, heavily drained, 67% to hit)
You shoot a stone. The stone hits the orc priest.
The orc priest is severely wounded.
The orc priest mumbles some strange prayers to Beogh against you.
Beogh smites you!
* * * LOW HITPOINT WARNING * * *
Fire: 94 stones
Press: ? - help, Q - select action, (/) - cycle Shift-Dir - straight line, f/p - orc priest
Aim: an orc priest, wielding a +0 flail and wearing a +0 chain mail (severely wounded, heavily drained, 67% to hit)
You shoot a stone.
The stone hits the orc priest but does no damage.
The orc priest is severely wounded.
The orc priest misses you.
The orc priest calls down the wrath of Beogh upon you.
Beogh smites you!
You die...

......... .. ....... #.#
..... #.# ..> #.# #B#
#.# #S# #.# #o#
###.#######.######
#.........@......#
#######.#.#####...####.#
..............#...#
........#.###.#...#
..............#...#
...................
#####.#.#####.#.....
.....................
#####+#.######..#..#..


You could see an orc priest (drained), an adder and a giant cockroach.

Vanquished Creatures
  An orc wizard (D:3)
  Robin (D:2)
  A gnoll (D:1)
  8 adders
  A worm (D:3)
  4 dart slugs
  2 orcs (D:3)
  An endoplasm (D:1)
  4 giant cockroaches
  7 hobgoblins
  3 kobolds (D:1)
  3 quokkas
  10 ball pythons
  8 bats
  3 frilled lizards (D:2)
  14 goblins
  2 rats
73 creatures vanquished.

Vanquished Creatures (collateral kills)
  A worm (D:3)
1 creature vanquished.

Grand Total: 74 creatures vanquished

Notes
Turn   | Place    | Note
-------+----------+-------------------------------------------
     0 | D:1      | pkoi the Demigod Gladiator began the quest for the Orb.
     0 | D:1      | Reached XP level 1. HP: 17/17 MP: 3/3
    21 | D:1      | Reached skill level 3 in Unarmed Combat
   130 | D:1      | Reached XP level 2. HP: 14/24 MP: 4/4
  1048 | D:2      | Reached XP level 3. HP: 29/29 MP: 5/5
  1299 | D:2      | Reached skill level 4 in Unarmed Combat
  1842 | D:2      | Reached XP level 4. HP: 36/36 MP: 6/6
  2125 | D:2      | Noticed Robin
  2174 | D:2      | Reached skill level 5 in Unarmed Combat
  2727 | D:2      | Killed Robin
  3305 | D:3      | Reached XP level 5. HP: 39/41 MP: 7/7
  3417 | D:3      | Found a runed translucent door.
  3446 | D:3      | Found a runed translucent door.
  3448 | D:3      | Noticed PACMANKE's ghost (weakling DrMo)
  3475 | D:3      | Noticed Pargi
  4352 | D:4      | Found a staircase to the Ecumenical Temple.
  4365 | D:4      | Killed from afar by an orc priest

Illustrated notes

Levels and vault maps discovered:
D:1:      saegor_arrival_miasma, layout_basic, minmay_misc_feat_room
D:2:      layout_loops_corners, shapermc_ecumenical_altar_gd,
          minmay_snake_closets, uniq_robin
D:3:      layout_loops_ring, ebering_ghost_sewer_f, uniq_pargi
D:4:      layout_basic, nicolae_overflow_crystal_walls,
          minmay_temple_entry_proselytizer, nrook_mini_vaults,
          minmay_misc_feat_nine_boxes

Skill      XL: |  1  2  3  4 |
---------------+-------------+-----
Unarmed Combat | 3 4 5 |  5.8
Fighting       | |  1.7
Throwing       | |  1.7
Dodging        | |  2.6

Action                   |  1- 3 |  4- 6 || total
-------------------------+-------+-------++-------
Melee: Unarmed           |    15 |       ||    15
       Punch             |     1 |     2 ||     3
       Dagger            |    20 |    36 ||    56
       Hunting sling     |       |     1 ||     1
 Fire: Hunting sling     |    82 |   112 ||   194
  Use: Scroll            |     2 |     5 ||     7
Armor: Leather armour    |    21 |    39 ||    60
Dodge: Dodged            |    57 |    62 ||   119
